 Dungeon Crawl Stone Soup version 0.18.1-50-g88ac8fd (webtiles) character file.

1754 ololoev the Thaumaturge (level 8, -2/41 HPs)
             Began as a Deep Elf Earth Elementalist on Dec 5, 2016.
             Was an Initiate of Vehumet.
             Slain by Joseph
             ... wielding a +0 quarterstaff
              (20 damage)
             ... on level 7 of the Dungeon.
             The game lasted 00:16:09 (1746 turns).

ololoev the Thaumaturge (DEEE)                      Turns: 1746, Time: 00:16:09

Health: -2/41      AC:  2    Str:  5    XL:     8   Next: 78%
Magic:  2/24       EV: 13    Int: 23    God:    Vehumet [......]
Gold:   49         SH:  0    Dex: 15    Spells: 6 memorised, 7 levels left

rFire  . . .     SeeInvis .     y - +3 dagger (venom)
rCold  . . .     Gourm    .     p - +0 robe
rNeg   . . .     Faith    .     (no shield)
rPois  +         Spirit   .     (no helmet)
rElec  .         Dismiss  .     (no cloak)
rCorr  .         Reflect  .     (no gloves)
SustAt .         Harm     .     (no boots)
MR     .....                    (no amulet)
Stlth  +.........               u - ring of poison resistance
                                l - ring of loudness (curse)

@: very slightly contaminated, invisible, not resistant to hostile enchantments,
very unstealthy
A: no striking features
a: Renounce Religion

Inventory:

Hand Weapons
 c - a +0 scythe
 y - a +3 dagger of venom (weapon)
Missiles
 b - 5 stones (quivered)
Armour
 p - a +0 robe (worn)
Magical Staves
 a - an uncursed staff of conjuration
Jewellery
 l - a cursed ring of loudness (left hand)
 u - a ring of poison resistance (right hand)
Wands
 r - a wand of lightning (7/15)
 x - a wand of lightning (6/15)
Scrolls
 e - a scroll of immolation {unknown}
 f - 4 scrolls of remove curse
 g - 2 scrolls of blinking
 o - a scroll of random uselessness {unknown}
 q - 2 scrolls of magic mapping
 v - a scroll of recharging {unknown}
Potions
 j - a potion of heal wounds
 k - 2 potions of brilliance
 m - a potion of cancellation {unknown}
 n - a potion of haste {unknown}
 s - 2 potions of curing
Books
 w - a book of Geomancy

   Spells                             Type                      Level
   a - Sandblast                      Earth                        1
   b - Passwall                       Transmutation/Earth          2
   c - Stone Arrow                    Conjuration/Earth            3
   d - Petrify                        Transmutation/Earth          4
   e - Lee's Rapid Deconstruction     Earth                        5
 z - a book of the Tempests

   Spells                             Type                      Level
   a - Static Discharge               Conjuration/Air              3
   b - Lightning Bolt                 Conjuration/Air              5
   c - Fireball                       Conjuration/Fire             5
   d - Tornado                        Air                          9
   e - Shatter                        Earth                        9
Comestibles
 d - 3 bread rations
 i - 7 fruits
 t - 2 meat rations


   Skills:
 - Level 2.4 Dodging
 - Level 2.4 Stealth
 * Level 10.0 Spellcasting
 + Level 6.7 Conjurations
 - Level 1.1 Transmutations
 * Level 4.1 Fire Magic
 - Level 5.7 Earth Magic


You had 7 spell levels left.
You knew the following spells:

 Your Spells              Type           Power        Failure   Level  Hunger
a - Sandblast             Erth           #####.       1%          1    None
b - Stone Arrow           Conj/Erth      #####.       1%          3    None
c - Lee's Rapid Deconstr  Erth           #####.....   17%         5    ####...
d - Petrify               Trmt/Erth      ####....     17%         4    #......
e - Fireball              Conj/Fire      #####.....   21%         5    ####...
w - Passwall              Trmt/Erth      ####......   2%          2    None


You were on level 7 of the Dungeon.
You worshipped Vehumet.
Vehumet was noncommittal.
You were very hungry.

You visited 2 branches of the dungeon, and saw 8 of its levels.

You collected 163 gold pieces.
You spent 114 gold pieces at shops.

###...# ##########
......# #........#
......# #........+
......# #........#
.....## #........### .
###########(.........#..
#.........#.............
#.........#(..(.@.......
..........#.....@.).....
..........##....#.......
...........'....+.##....
#..#####...#....#.# ...
...## #...#....#+# .
....####...#.......
...... +...+.......
..#..# #...####.....
..##.###...# #.#+#.

Notes
Turn   | Place    | Note
--------------------------------------------------------------
     0 | D:1      | ololoev the Deep Elf Earth Elementalist began the quest for the Orb.
     0 | D:1      | Reached XP level 1. HP: 10/10 MP: 6/6
   135 | D:3      | Reached XP level 2. HP: 15/15 MP: 1/8
   142 | D:3      | Learned a level 2 spell: Passwall
   232 | D:3      | ololoev: hi Sap
   232 | D:3      | ololoev: !lg . place=snake -log
   232 | D:3      | beem: 15. ololoev, XL16 DECj, T:11745: http://crawl.xtahua.com/crawl/morgue/ololoev/morgue-ololoev-20161205-075632.txt
   232 | D:3      | ololoev: агнес ыбстрая скотинка
   253 | D:3      | Reached skill level 4 in Spellcasting
   253 | D:3      | Reached XP level 3. HP: 19/19 MP: 4/11
   258 | D:3      | Learned a level 3 spell: Stone Arrow
   267 | D:3      | Reached skill level 1 in Conjurations
   267 | D:3      | Reached XP level 4. HP: 11/24 MP: 0/12
   309 | D:3      | Reached skill level 5 in Spellcasting
   434 | D:3      | You fall through a shaft!
   553 | D:5      | Entered Level 5 of the Dungeon
   565 | D:4      | Noticed ololoev's ghost (weakling DEEE)
   572 | D:4      | Killed ololoev's ghost
   583 | D:4      | Reached XP level 5. HP: 20/28 MP: 3/15
   631 | D:4      | Noticed an ogre
   634 | D:4      | Killed an ogre
   634 | D:4      | Reached skill level 6 in Spellcasting
   638 | D:4      | Reached XP level 6. HP: 25/32 MP: 3/17
   698 | D:5      | Reached skill level 7 in Spellcasting
   720 | D:5      | Noticed ololoev's ghost (amateur DEEE)
   724 | D:5      | Killed ololoev's ghost
   724 | D:5      | Reached skill level 5 in Earth Magic
   724 | D:5      | Reached XP level 7. HP: 26/36 MP: 2/19
   855 | D:6      | Learned a level 5 spell: Lee's Rapid Deconstruction
   860 | D:6      | Learned a level 4 spell: Petrify
   865 | D:6      | Reached skill level 5 in Conjurations
   967 | D:4      | Found Imun's Magic Scroll Shop.
   983 | D:4      | Bought a scroll of identify for 24 gold pieces
   983 | D:4      | Bought a scroll of magic mapping for 42 gold pieces
   983 | D:4      | Bought a scroll of remove curse for 36 gold pieces
   983 | D:4      | Bought a scroll of noise for 12 gold pieces
  1088 | D:4      | Found a shadowy altar of Dithmenos.
  1147 | D:5      | Noticed Sigmund
  1152 | D:5      | Killed Sigmund
  1152 | D:5      | Reached skill level 8 in Spellcasting
  1238 | D:6      | Reached XP level 8. HP: 41/41 MP: 13/22
  1276 | D:6      | Found a bloodstained altar of Trog.
  1279 | D:6      | Found a sacrificial altar of Ru.
  1282 | D:6      | Found a shattered altar of Ashenzari.
  1292 | D:6      | Learned a level 5 spell: Fireball
  1299 | D:6      | Found a basalt altar of Yredelemnul.
  1315 | D:6      | Reached skill level 1 in Fire Magic
  1379 | D:6      | Found Nisyck Tutz's Gadget Emporium.
  1417 | D:6      | Reached skill level 9 in Spellcasting
  1421 | D:6      | Goblin1989: Приветы, ололоев
  1428 | D:6      | ololoev: hi gob
  1524 | D:7      | Noticed ololoev's ghost (novice DEEE)
  1535 | D:7      | Found a staircase to the Ecumenical Temple.
  1543 | Temple   | Entered the Ecumenical Temple
  1585 | Temple   | ololoev: я знал что даже под натиском дживы вехумет меня не бросит!
  1585 | Temple   | Became a worshipper of Vehumet
  1586 | Temple   | ReniFell: Д Ж Ы В А
  1604 | D:7      | Goblin1989: как у бима спросить ссылку на вчерашнюю игру ермака? интересно почему он не выиграл. может при смерти находится уже :)
  1608 | D:7      | ololoev: а он помер?
  1608 | D:7      | Goblin1989: не думаю
  1608 | D:7      | ololoev: или жив еще?
  1608 | D:7      | ReniFell: &dump yermak
  1608 | D:7      | Goblin1989: стрик бы завершился
  1608 | D:7      | ololoev: !lm yermak -log
  1608 | D:7      | beem: Yermak, XL19 TeAE, T:59150 (milestone) has no matching game
  1608 | D:7      | ololoev: teae?
  1608 | D:7      | ReniFell: !lg yermak
  1608 | D:7      | ololoev: гоб он за тенгу играл?
  1608 | D:7      | Goblin1989: да
  1608 | D:7      | ReniFell: da ty ohuel bem
  1608 | D:7      | Goblin1989: бима сломали
  1608 | D:7      | ReniFell: !lg yermak -log
  1608 | D:7      | ReniFell: !lg yermak -log
  1608 | D:7      | ReniFell: !lg yermak -log
  1608 | D:7      | ReniFell: !lg yermak -log
  1608 | D:7      | ololoev: http://crawl.xtahua.com/crawl/morgue/Yermak/Yermak.txt
  1608 | D:7      | ololoev: !dump yermak
  1608 | D:7      | ReniFell: OLOLOSHA VMESTO BEMA
  1698 | D:7      | Killed ololoev's ghost
  1698 | D:7      | Reached skill level 10 in Spellcasting
  1727 | D:7      | Noticed Joseph
  1728 | D:7      | Goblin1989: ну я почти прав оказался
  1734 | D:7      | Goblin1989: 0 мп 40 хп
  1739 | D:7      | Goblin1989: муток хреновых куча
  1746 | D:7      | Slain by Joseph

Dungeon Overview and Level Annotations

Branches:
Dungeon (7/15)             Temple (1/1) D:7

Altars:
Ashenzari
Dithmenos
Gozag
Makhleb
Okawaru
Pakellas
Qazlal
Ru
Sif Muna
Trog
Vehumet
Yredelemnul
Zin
The Shining One
Jiyva

Shops:
D:4 ?   D:6 }

Annotations:
D:7 Joseph


Message History

Unknown command.
Casting: Fireball
Confirm with . or Enter, or press ? or * to list all spells.
Aiming: Fireball
Press: ? - help, Shift-Dir - straight line, f - Joseph
Aim: Joseph, wielding a hunting sling and wearing a glowing leather armour (moderately wounded)
You feel a surge of power!
You miscast Fireball.
You are very lightly contaminated with residual magic.
Sparks fly from your hands!
You are feeling very hungry.
Joseph shoots a sling bullet.
The sling bullet closely misses you.
Casting: Fireball
Confirm with . or Enter, or press ? or * to list all spells.
Aiming: Stone Arrow
Press: ? - help, Shift-Dir - straight line, f/p - Joseph
Aim: Joseph, wielding a hunting sling and wearing a glowing leather armour (moderately wounded)
You feel a surge of power!
The stone arrow hits Joseph.
Joseph is heavily wounded.
Joseph shoots a sling bullet.
The sling bullet barely misses you.
Casting: Stone Arrow
Confirm with . or Enter, or press ? or * to list all spells.
Aiming: Stone Arrow
Press: ? - help, Shift-Dir - straight line, f/p - Joseph
Aim: Joseph, wielding a hunting sling and wearing a glowing leather armour (heavily wounded)
You feel a surge of power!
The stone arrow hits Joseph.
Joseph is severely wounded.
Joseph says, "I'm happy to see you. And I'll be happy to kill you."
Casting: Stone Arrow
Confirm with . or Enter, or press ? or * to list all spells.
Aiming: Stone Arrow
Press: ? - help, Shift-Dir - straight line, f/p - Joseph
Aim: Joseph, wielding a hunting sling and wearing a glowing leather armour (severely wounded)
You feel a surge of power!
The stone arrow misses Joseph.
Joseph shoots a sling bullet.
The sling bullet misses you.
b - 6 stones (in hand)
Casting: Stone Arrow
Confirm with . or Enter, or press ? or * to list all spells.
Aiming: Sandblast
Press: ? - help, Shift-Dir - straight line, f/p - Joseph
Aim: Joseph, wielding a hunting sling and wearing a glowing leather armour (severely wounded)
The rocky blast hits Joseph.
Joseph is severely wounded.
Joseph drinks a potion.
Joseph is healed!
Drink which item? (? for menu, Esc to quit)
You fade into invisibility!
Joseph shoots a sling bullet.
The sling bullet hits you!
Joseph shoots a sling bullet.
Unknown command.
Drink which item? (? for menu, Esc to quit)
Okay, then.
Joseph shoots a sling bullet.
Wield which item (- for none, * to show all)? (? for menu, Esc to quit)
Your +3 dagger of venom begins to drip with poison!
y - a +3 dagger of venom (weapon)
Joseph unwields an uncursed hunting sling.
Joseph wields an uncursed quarterstaff.
Joseph hits you with an uncursed quarterstaff.
You hit Joseph.
Joseph is poisoned.
Joseph is heavily wounded.
Joseph closely misses you.
Drink which item? (? for menu, Esc to quit)
You feel much better.
Joseph hits you with an uncursed quarterstaff!!
Ouch! That really hurt!
Drink which item? (? for menu, Esc to quit)
You feel much better.
Joseph hits you with an uncursed quarterstaff!
You strike the helpless Joseph from behind!
You puncture Joseph!
Joseph is severely wounded.
Joseph hits you with an uncursed quarterstaff!!
Drink which item? (? for menu, Esc to quit)
You feel much better.
Joseph hits you with an uncursed quarterstaff!
You hit Joseph but do no damage.
Joseph looks even sicker.
Joseph is severely wounded.
You hit Joseph but do no damage.
Joseph is severely wounded.
Joseph hits you with an uncursed quarterstaff!!
You die...

You could see Joseph.

Vanquished Creatures
  The ghost of ololoev the Thaumaturge, a novice DEEE (D:7)
  Sigmund (D:5)
  The ghost of ololoev the Magician, an amateur DEEE of Vehumet (D:5)
  A phantom (D:5)
  3 ogres
  A giant frog (D:6)
  4 scorpions
  A water moccasin skeleton (D:6)
  A howler monkey (D:4)
  A giant frog zombie (D:6)
  2 orc priests
  2 hounds
  A jelly (D:7)
  A centaur skeleton (D:6)
  An iguana (D:3)
  2 orc wizards
  3 worker ants (D:4)
  The ghost of ololoev the Magician, a weakling DEEE (D:4)
  A hound skeleton (D:4)
  3 adders
  2 giant geckos
  22 orcs
  2 bats (D:3)
  3 giant cockroaches
  2 hobgoblins (D:1)
  4 jackals (D:7)
  2 ball pythons (D:3)
  A giant gecko skeleton (D:3)
  A giant gecko zombie (D:7)
  A goblin (D:1)
  3 kobolds (D:3)
  3 rats
78 creatures vanquished.

Action                   |  1- 3 |  4- 6 |  7- 9 || total
-------------------------+-------+-------+-------++-------
Melee: Dagger            |       |       |     4 ||     4
 Cast: Sandblast         |    27 |    45 |    64 ||   136
       Stone Arrow       |       |       |    16 ||    16
       Fireball          |       |       |     1 ||     1
  Use: Potion            |       |     1 |     4 ||     5
       Scroll            |       |       |     6 ||     6
 Stab: Invisible         |       |       |     1 ||     1
  Eat: Chunk             |       |       |     2 ||     2
Armor: Robe              |     1 |     1 |     3 ||     5
Dodge: Dodged            |     2 |    10 |    14 ||    26

Vault maps used:
D:1:      dpeg_arrival_more_subterranean_lakeside_camping,
          minmay_misc_feat_square, minmay_misc_feat_plants,
          minmay_misc_feat_doors, minmay_box_of_dots
D:2:      lemuel_round_altar, grunt_temple_overflow_open, serial_glass,
          glass_columns_b, glass_columns_a, minmay_strange_pillars, uniq_jessica
D:3:      minivault_26
D:4:      lemuel_round_altar, serial_shops,
          nicolae_shop_temple_entry_statues_fountains
D:5:      lemuel_coloured_pillars_altar, first_bread, uniq_sigmund
D:6:      grunt_temple_overflow_cloverleaf, serial_shops, kennysheep_mini
D:7:      minmay_temple_entry_purple_smoke, enter_ossuary_3, the_bakery,
          uniq_joseph
Temple:   pf_slimified_temple
